 Dungeon Crawl Stone Soup version 0.26-a0-466-g989023bd0d (webtiles) character file.

Game seed: 354872296918350060

182 graki42 the Sneak (level 5, 0/26 HPs)
             Began as a Spriggan Brigand on Aug 5, 2020.
             Slain by a phantom (8 damage)
             ... on level 4 of the Dungeon.
             The game lasted 00:10:55 (2837 turns).

graki42 the Sneak (Spriggan Brigand)                Turns: 2837, Time: 00:10:55

Health: 0/26       AC:  3    Str:  8    XL:     5   Next: 34%
Magic:  9/9        EV: 18    Int: 13    God:
Gold:   200        SH:  0    Dex: 17    Spells: 8/8 levels left

rFire    . . .     SeeInvis +   m - +7 dagger (drain)
rCold    . . .     Faith    .   (shield restricted)
rNeg     . . .     Spirit   .   b - +0 robe
rPois    .         Reflect  .   (helmet restricted)
rElec    .         Harm     .   c - +0 cloak
rCorr    .                      (gloves unavailable)
MR       .....                  (boots unavailable)
Stlth    ++++......             (no amulet)
HPRegen  0.08/turn              (no ring)
MPRegen  0.11/turn              (no ring)

@: very quick
A: very small, unfitting armour, see invisible, speed 3
a: no special abilities


You were on level 4 of the Dungeon.
You visited 1 branch of the dungeon, and saw 4 of its levels.

You collected 200 gold pieces.

Inventory:

Hand Weapons
 a - a +2 dagger
 m - a +7 dagger of draining (weapon)
Missiles
 d - 13 poisoned darts (quivered)
 e - 2 curare-tipped darts
Armour
 b - a +0 robe (worn)
 c - a +0 cloak (worn)
Scrolls
 g - a scroll of blinking
 i - a scroll of enchant armour
 n - 3 scrolls of fog {unknown}
Potions
 j - a potion of heal wounds
 l - a potion of berserk rage


   Skills:
 + Level 2.1 Fighting
 * Level 3.5 Short Blades
 + Level 2.9 Throwing
 + Level 3.2 Dodging
 + Level 6.7 Stealth
 + Level 2.1 Spellcasting


You had 8 spell levels left.
You didn't know any spells.
Your spell library was empty.

Dungeon Overview and Level Annotations

Branches:
Dungeon (4/15)
 Temple: D:4-7

Altars:
Cheibriados
Ru


Innate Abilities, Weirdness & Mutations

You are very small and have problems with some larger weapons.
You are too small for most types of armour.
You have supernaturally acute eyesight. (SInv)
You cover ground extremely quickly.


Message History

The phantom is heavily damaged.
You hit the phantom.
The phantom is severely damaged.
The phantom completely misses you.
You closely miss the phantom.
The phantom is severely damaged.
The phantom hits you but does no damage.
You hit the phantom.
The phantom is severely damaged.
The phantom hits you!
The phantom blinks!
You hit the phantom but do no damage.
The phantom is severely damaged.
The phantom blinks!
You hit the phantom but do no damage.
The phantom is severely damaged.
The phantom hits you.
You hit the phantom but do no damage.
The phantom is severely damaged.
The phantom hits you!
You die...

.##... ...... ####
###....##
#...##.......###.
.................
..##............).
...#..............
.......W@.........
#..........†...#
##.............#.
.#.................
...................
.........#....##...
.......#..#.....a...
...#..##......##..#.
...##.............#


You could see a phantom.

Vanquished Creatures
  A worker ant (D:4)
  Robin (D:2)
  3 gnolls (D:3)
  2 adders
  2 worms (D:3)
  3 dart slugs (D:1)
  2 leopard geckos
  3 orcs (D:3)
  2 ball pythons
  3 giant cockroaches
  15 goblins
  9 hobgoblins
  3 quokkas
  12 bats
  5 frilled lizards
  9 kobolds
  6 rats
81 creatures vanquished.

Notes
Turn   | Place    | Note
-------+----------+-------------------------------------------
     0 | D:1      | graki42 the Spriggan Brigand began the quest for the Orb.
     0 | D:1      | Reached XP level 1. HP: 10/10 MP: 2/2
    60 | D:1      | Reached skill level 6 in Stealth
   401 | D:1      | Reached XP level 2. HP: 15/15 MP: 3/3
   747 | D:1      | Reached skill level 1 in Spellcasting
   774 | D:1      | Reached XP level 3. HP: 18/18 MP: 5/5
  1453 | D:2      | Noticed Robin
  1481 | D:2      | Reached XP level 4. HP: 6/23 MP: 7/7
  1511 | D:2      | Killed Robin
  2466 | D:3      | Reached XP level 5. HP: 23/26 MP: 8/8
  2670 | D:2      | Found a sacrificial altar of Ru.
  2670 | D:2      | Found a snail-covered altar of Cheibriados.
  2799 | D:4      | Noticed a phantom
  2837 | D:4      | Slain by a phantom

Illustrated notes

Levels and vault maps discovered:
D:1:      onia_arrival_mini_spirals, layout_loops_ring,
          minmay_misc_feat_ornament, minmay_misc_feat_room
D:2:      layout_rooms, nicolae_overflow_hidden_temple,
          corexii_item_surrounded_by_moat, uniq_robin
D:3:      layout_rooms, minmay_distorted
D:4:      layout_cave_pools

Skill      XL: |  1  2  3  4  5 |
---------------+----------------+-----
Stealth        | 6 |  6.7
Dodging        | 2 3 |  3.2
Spellcasting   | 1 2 |  2.1
Fighting       | 2 |  2.1
Short Blades   | 3 |  3.5
Throwing       | |  2.9

Action                   |  1- 3 |  4- 6 || total
-------------------------+-------+-------++-------
Melee: Dagger            |   133 |    86 ||   219
Throw: Dart              |    12 |    15 ||    27
  Use: Scroll            |       |     7 ||     7
 Stab: Sleeping          |     9 |     4 ||    13
Armor: Robe              |    14 |     9 ||    23
Dodge: Dodged            |    86 |    45 ||   131

Table legend: (Time is in decaauts)
 A = Elapsed time spent in this place.
 B = Non-inter-level travel time spent in this place.
 C = Inter-level travel time spent in this place.
 D = Time resting spent in this place.
 E = Time spent auto-exploring this place.
 F = Levels seen in this place.
 G = Mean time per level.
                   A        B        C        D        E       F      G
               +--------+--------+--------+--------+--------+-----+--------+
         Total |   2211 |   2172 |     39 |    442 |   1239 |   4 |  552.8 |
       Dungeon |   2211 |   2172 |     39 |    442 |   1239 |   4 |  552.8 |
               +--------+--------+--------+--------+--------+-----+--------+

Top non-repeatable levels by time:
     D:2: 939 daAuts
     D:1: 627 daAuts
     D:3: 608 daAuts
     D:4: 36 daAuts
